 Dungeon Crawl Stone Soup version bcrawl-1.12.1 (webtiles) character file.

Game seed: 1545538385351522274

101 MackTheKnife the Magician (level 4, 0/36 HPs)
             Began as an Oni Earth Elementalist on July 12, 2019.
             Slain by an adder (2 damage)
             ... on level 3 of the Dungeon.
             The game lasted 00:04:57 (2337 turns).

MackTheKnife the Magician (Oni Earth Elementalist)  Turns: 2337, Time: 00:04:58

Health: 0/36       AC:  2    Str: 14    XL:     4   Next: 75%
Magic:  1/10       EV: 12    Int: 22    God:
Gold:   163        SH:  0    Dex: 11    Spells: 4/8 levels left

rFire    . . .     SeeInvis .   f - +0 spear
rCold    . . .     Gourm    .   (no shield)
rNeg     . . .     Faith    .   c - +0 animal skin
rPois    .         Spirit   .   (helmet restricted)
rElec    .         Reflect  .   (no cloak)
rCorr    .         Harm     .   (no gloves)
MR       .....                  (no boots)
Stlth    ++........             (no amulet)
HPRegen  0.12/turn              o - +2 ring of strength
MPRegen  0.12/turn              (no ring)

@: brilliant, lethally poisoned (0 -> -15), flying, hasted, very quick
A: oni magic, claws 1, fangs 1, horns 1
a: no special abilities


You were on level 3 of the Dungeon.
You were not hungry.

You visited 1 branch of the dungeon, and saw 3 of its levels.

You collected 163 gold pieces.

Inventory:

Hand Weapons
 f - a +0 spear (weapon)
   (You found it on level 1 of the Dungeon)
Armour
 c - a +0 animal skin (worn)
Jewellery
 o - a +2 ring of strength (left claw)
   (You found it on level 2 of the Dungeon)
Scrolls
 h - 4 scrolls of remove curse {unknown}
 j - a scroll of teleportation {unknown}
 k - a scroll of enchant weapon {unknown}
 l - 4 scrolls of identify {unknown}
 m - 2 scrolls of fog {unknown}
 n - a scroll of magic mapping {unknown}
 r - a scroll of enchant armour {unknown}
Potions
 a - a potion of berserk rage {unknown}
 e - a potion of brilliance
 p - a potion of might {unknown}
Comestibles
 d - 13 rations {!d}


   Skills:
 - Level 1.9 Fighting
 - Level 1.7 Dodging
 - Level 1.7 Stealth
 + Level 2.9 Spellcasting


You had 4 spell levels left.
You knew the following spells:

 Your Spells              Type           Power        Failure   Level  Hunger
x - Stone Arrow           Conj/Erth      ####..       1%          3    ###....
z - Sandblast             Erth           ####..       1%          1    None

Your spell library contained the following spells:

 Spells                   Type           Power        Failure   Level  Hunger
 Pain                     Necr           ####         1%          1    None
 Passwall                 Tmut/Erth      ####....     1%          2    ##.....
 Song of Slaying          Chrm           ####....     1%          2    ##.....
 Petrify                  Tmut/Erth      ####....     4%          4    ####...
 Lee's Rapid Deconstruct  Erth           ####......   10%         5    ######.


Dungeon Overview and Level Annotations

Branches:
Dungeon (3/12)

Altars:
Trog


Innate Abilities, Weirdness & Mutations

You learn spells by gaining experience, not through books or religion.
You only train spellcasting to practice magic.
You have sharp fingernails.
You have very sharp teeth.
You have a pair of small horns on your head.


Message History

Aiming: Sandblast (safe; 4% risk of failure)
Press: ? - help, Shift-Dir - straight line, f/p - hobgoblin
Aim: a hobgoblin, wielding a +0 club You don't have enough stones to cast with.
Casting: Sandblast (safe; 4% risk of failure)
Confirm with . or Enter, or press ? or * to list all spells.
Aiming: Stone Arrow (safe; 16% risk of failure)
Press: ? - help, Shift-Dir - straight line, f/p - hobgoblin
Aim: a hobgoblin, wielding a +0 club The stone arrow hits the hobgoblin.
You kill the hobgoblin!
You see here a +0 club.
An adder comes into view.
An adder is nearby!
An adder is nearby!
An adder is nearby!
The adder hisses angrily.
Casting: Stone Arrow (safe; 16% risk of failure)
Confirm with . or Enter, or press ? or * to list all spells.
You don't have enough magic to cast that spell.
Unknown command.
Casting: Stone Arrow (safe; 16% risk of failure)
Confirm with . or Enter, or press ? or * to list all spells.
You don't have enough magic to cast that spell.
Unknown command.
Attack whom?
Press: ? - help, Dir - move target cursor, f - adder
Aim: an adder You reach to attack!
You completely miss the adder. The adder barely misses you.
You hit the adder.
The adder is lightly wounded.
The adder bites you.
Casting: Stone Arrow (safe; 16% risk of failure)
Confirm with . or Enter, or press ? or * to list all spells.
You don't have enough magic to cast that spell.
Unknown command.
You closely miss the adder. Your headbutt misses the adder.
The adder is lightly wounded.
The adder misses you. The adder closely misses you.
Casting: Stone Arrow (safe; 16% risk of failure)
Confirm with . or Enter, or press ? or * to list all spells.
Aiming: Stone Arrow (safe; 16% risk of failure)
Press: ? - help, Shift-Dir - straight line, f/p - adder
Aim: an adder (lightly wounded)
The stone arrow hits the adder.
The adder is moderately wounded.
The adder completely misses you.
You closely miss the adder. Your headbutt misses the adder.
The adder is moderately wounded.
The adder bites you.
You miss the adder. Your headbutt misses the adder.
The adder is moderately wounded.
The adder barely misses you. The adder bites you.
You hit the adder but do no damage.
The adder is moderately wounded.
The adder barely misses you.
You barely miss the adder. Your headbutt misses the adder.
The adder is moderately wounded.
The adder bites you.
You are poisoned.
The adder poisons you! The adder bites you but does no damage.
You barely miss the adder. Your headbutt misses the adder.
The adder is moderately wounded.
You feel sick. The adder bites you.
You are more poisoned.
The adder poisons you!
You miss the adder. Your headbutt misses the adder.
The adder is moderately wounded.
You feel sick. The adder bites you.
You are more poisoned.
The adder poisons you!
You hit the adder.
The adder is heavily wounded.
You feel sick. The adder barely misses you. The adder bites you.
You are lethally poisoned!
The adder poisons you!
You barely miss the adder. You bite the adder, but do no damage.
The adder is heavily wounded.
You feel sick. The adder barely misses you.
You closely miss the adder.
The adder is heavily wounded.
You feel sick. The adder closely misses you. The adder bites you.
* * * LOW HITPOINT WARNING * * *
It was a potion of brilliance.
You feel clever all of a sudden.
* * * LOW HITPOINT WARNING * * *
You feel sick. The adder closely misses you.
It was a potion of haste.
You feel yourself speed up.
* * * LOW HITPOINT WARNING * * *
You feel sick. The adder bites you.
* * * LOW HITPOINT WARNING * * *
You are more poisoned.
The adder poisons you!
It was a potion of flight.
You feel very buoyant.
You fly up into the air.
* * * LOW HITPOINT WARNING * * *
You feel sick. The adder bites you.
You die...

...##........#.#
....#...........#
....##........#+#
.....#(.#...###.
...#.##)..###...##
......#.###...#..#
....#####........##
..###.#..........)#
###...##.#.....S@.##
#...#..#...........#
.......##........#.####
........#...........%.#
.รท......##........###...
.........#..#)..### ..
.......#.##...### .
..........'.###
........#####


You could see an adder.

Vanquished Creatures
  2 oozes
  4 worms
  3 dart slugs
  3 leopard geckos
  4 orcs (D:3)
  2 ball pythons
  2 giant cockroaches
  7 goblins
  6 hobgoblins
  8 jackals
  2 quokkas (D:2)
  4 bats
  6 frilled lizards
  7 kobolds
  2 rats (D:1)
62 creatures vanquished.

Notes
Turn   | Place    | Note
-------+----------+-------------------------------------------
     0 | D:1      | MackTheKnife the Oni Earth Elementalist began the quest for
                  | the Orb.
     0 | D:1      | Reached XP level 1. HP: 14/14 MP: 4/4
    90 | D:1      | Reached skill level 1 in Fighting
    90 | D:1      | Reached XP level 2. HP: 23/23 MP: 3/6
   529 | D:1      | Reached skill level 2 in Spellcasting
   588 | D:1      | Reached XP level 3. HP: 28/28 MP: 4/8
   593 | D:1      | Learned a level 3 spell: Stone Arrow
  1149 | D:2      | Found a bloodstained altar of Trog.
  1172 | D:2      | HP: 5/28 [worm (6)]
  1480 | D:2      | Reached XP level 4. HP: 35/35 MP: 4/10
  2334 | D:3      | HP: 7/36 [adder (4)]
  2336 | D:3      | HP: 2/36 [adder (3)]
  2337 | D:3      | Slain by an adder

Skill      XL: |  1  2 |
---------------+-------+-----
Fighting       | 1 |  1.9
Spellcasting   | 2 |  2.9
Dodging        | |  1.7
Stealth        | |  1.7

Action                   |  1- 3 |  4- 6 || total
-------------------------+-------+-------++-------
Melee: Unarmed           |     8 |       ||     8
       Bite              |     1 |     1 ||     2
       Spear             |     5 |    39 ||    44
       Headbutt          |       |     4 ||     4
Throw: Stone             |     3 |     5 ||     8
 Cast: Sandblast         |    55 |    25 ||    80
       Stone Arrow       |       |     7 ||     7
  Use: Potion            |       |     3 ||     3
  Eat: Chunk             |     2 |     4 ||     6
Armor: Animal skin       |     2 |     5 ||     7
Dodge: Dodged            |    11 |    24 ||    35

Levels and vault maps discovered:
D:1:      wheals_arrival_shading, layout_basic, roderic_nine_men_s_morris,
          hex_large, chequers_serial_rivers_micro_c
D:2:      layout_rooms, old_standard_altar
D:3:      minmay_skewed_foursquare, layout_basic, first_ration

Table legend:
 A = Turns spent in this place as a percentage of turns spent in the entire game.
 B = Non-inter-level travel turns spent in this place as a percentage of non-inter-level travel turns spent in the entire game.
 C = Inter-level travel turns spent in this place as a percentage of turns spent in this place.
 D = Turns resting spent in this place as a percentage of non-inter-level travel turns spent in this place.
 E = Turns spent auto-exploring this place as a percentage of non-inter-level travel turns spent in this place.
 F = Non-inter-level travel turns spent in this place divided by the number of levels of this place that you've seen.
                   A       B       C       D       E      F
               +-------+-------+-------+-------+-------+----------------------
         Total | 100.0 | 100.0 |   1.2 |  22.7 |  60.5 | 770.0
       Dungeon | 100.0 | 100.0 |   1.2 |  22.7 |  60.5 | 770.0
               +-------+-------+-------+-------+-------+----------------------

Table legend:
 A = Kills in this place as a percentage of kills in entire the game.
 B = Kills by you in this place as a percentage of kills by you in the entire game.
 C = Kills by friends in this place as a percentage of kills by friends in the entire game.
 D = Other kills in this place as a percentage of other kills in the entire game.
 E = Experience gained in this place as a percentage of experience gained in the entire game.
 F = Experience gained in this place divided by the number of levels of this place that you have seen.
                   A       B       C       D       E      F
               +-------+-------+-------+-------+-------+----------------------
         Total | 100.0 | 100.0 |   N/A |   N/A | 100.0 |  48.3
       Dungeon | 100.0 | 100.0 |   N/A |   N/A | 100.0 |  48.3
               +-------+-------+-------+-------+-------+----------------------
